 Dungeon Crawl Stone Soup version 0.24.0-41-g2ae2f7f1be (webtiles) character file.

Game seed: 5254181331597908807, levelgen mode: deterministic

1633312 Goreval the Petrodigitator (level 27, 189/189 HPs)
             Began as a Gargoyle Earth Elementalist on Dec 13, 2019.
             Was the Champion of Vehumet.
             Escaped with the Orb
             ... and 3 runes!
             The game lasted 04:12:56 (75555 turns).

Goreval the Petrodigitator (GrEE)                  Turns: 75555, Time: 04:12:57

Health: 189/189    AC: 46    Str: 16    XL:     27
Magic:  56/56      EV: 15    Int: 36    God:    Vehumet [******]
Gold:   2997       SH: 18    Dex: 10    Spells: 21/64 levels left

rFire    + + .     SeeInvis .   a - staff of earth
rCold    + . .     Gourm    .   q - +5 shield
rNeg     + . .     Faith    .   p - +3 scale mail of the Untouchables {*Contam rPois rF+}
rPois    ∞         Spirit   .   T - +3 hat of Pondering {ponderous, MR+ MP+10 Int+5}
rElec    +         Reflect  .   Y - +2 cloak
rCorr    .         Harm     .   v - +2 pair of gloves {archery}
MR       +++++     Rnd*Rage +   O - +2 pair of boots {run} Stlth ..........Rnd*Tele +
                                X - amulet of magic regeneration
HPRegen  0.41/turn              f - ring of Taiviss {rF+ MP+9 Str+3}
MPRegen  0.60/turn              A - ring of the Mage {Wiz MR++ Int+3}

@: no status effects
A: big wings, molten scales 1, berserk 1, blurry vision 3, cold resistance 1,
deformed body, deterioration 2, low mp 2, negative energy resistance 1,
electricity resistance, teleportitis 1, unbreathing, petrification resistance,
rot immunity, AC +20
0: Orb of Zot
}: 3/15 runes: decaying, serpentine, silver
a: Fly, Renounce Religion


You escaped.
You worshipped Vehumet.
Vehumet was exalted by your worship.
You were not hungry.

You visited 10 branches of the dungeon, and saw 49 of its levels.
You visited 1 bazaar.
You also visited: Gauntlet and Ice Cave.

You collected 7831 gold pieces.
You spent 4834 gold pieces at shops.

Inventory:

Hand Weapons
 b - the +3 morningstar "Qaineulash" {drain, +Rage rF+ Str+2 Int+3}
   (You took it off a minotaur in a Gauntlet)

   A truly terrible weapon, it drains the life of those it strikes.
   It affects your strength (+2).
   It affects your intelligence (+3).
   It protects you from fire.
   It lets you go berserk.
Missiles
 r - 1219 stones (quivered)
 E - 6 throwing nets
Armour
 p - the +3 scale mail of the Untouchables (worn) {*Contam rPois rF+}
   (You bought it in a shop on level 4 of the Depths)

   It protects you from fire.
   It protects you from poison.
   It causes magical contamination when unequipped.
 q - a +5 shield (worn)
 v - a +2 pair of gloves of archery (worn)
 O - a +2 pair of boots of running (worn)
 T - the +3 hat of Pondering (worn) {ponderous, MR+ MP+10 Int+5}
   (You took it off Gastronok on level 3 of the Lair of Beasts)

   It affects your intelligence (+5).
   It affects your resistance to hostile enchantments.
   It affects your magic capacity (+10).
 Y - a +2 cloak (worn)
Magical Staves
 a - an uncursed staff of earth (weapon)
Jewellery
 f - the ring of Taiviss (left hand) {rF+ MP+9 Str+3}
   (You took it off a wizard in a Gauntlet)

   [ring of protection from fire]

   It affects your strength (+3).
   It protects you from fire.
   It affects your magic capacity (+9).
 x - the cursed ring "Udiwoz" {+Fly rN+ Dex+4 Slay-5, unknown}
   (You found it on level 4 of the Realm of Zot)

   [ring of slaying]

   It affects your dexterity (+4).
   It affects your accuracy and damage with ranged weapons and melee attacks
   (-5).
   It protects you from negative energy.
   It lets you fly.
   It has a curse placed upon it.
 A - the ring of the Mage (right hand) {Wiz MR++ Int+3}
   (You found it on level 6 of the Dungeon)

   [ring of wizardry]

   It improves your spell success rate.
   It affects your intelligence (+3).
   It affects your resistance to hostile enchantments.
 K - an uncursed ring of resist corrosion
 V - the ring "Nyunt" {rElec Str+2 SInv}
   (You bought it in a shop on level 2 of the Elven Halls)

   [ring of see invisible]

   It affects your strength (+2).
   It insulates you from electricity.
   It lets you see invisible.
 X - an amulet of magic regeneration (around neck)
Wands
 l - a wand of disintegration (56)
 u - a wand of paralysis (23)
 w - a wand of enslavement (14)
 G - a wand of polymorph (41)
Scrolls
 e - a scroll of magic mapping
 h - 41 scrolls of teleportation
 k - a scroll of vulnerability
 m - 8 scrolls of fog
 o - 11 scrolls of blinking
 s - 20 scrolls of remove curse
 t - 6 scrolls of amnesia
 y - 3 scrolls of summoning
 z - 2 scrolls of silence
 B - 4 scrolls of holy word
 I - 10 scrolls of identify
 L - a scroll of brand weapon
 R - a scroll of acquirement
 S - 5 scrolls of fear
 Z - 3 scrolls of immolation
Potions
 c - 9 potions of cancellation
 g - 9 potions of lignification
 i - a potion of agility
 j - 10 potions of curing
 n - 11 potions of might
 C - a potion of berserk rage
 D - a potion of magic
 F - 2 potions of resistance
 J - 6 potions of haste
 M - 3 potions of invisibility
 N - 7 potions of brilliance
 Q - a potion of heal wounds
 W - 4 potions of ambrosia
Miscellaneous
 H - a lightning rod (4/4)
Comestibles
 d - 32 rations


   Skills:
 * Level 23.8 Fighting
 - Level 4.0 Maces & Flails
 * Level 12.8 Armour
 + Level 13.9 Dodging
 - Level 2.1 Stealth
 - Level 15.0 Shields
 + Level 19.3 Spellcasting
 - Level 14.0 Conjurations
 - Level 8.0 Charms
 - Level 0.7 Transmutations
 - Level 2.0 Air Magic
 O Level 27 Earth Magic
 - Level 10.4 Evocations


You had 21 spell levels left.
You knew the following spells:

 Your Spells              Type           Power        Failure   Level  Hunger
a - Iron Shot             Conj/Erth      ########..   1%          6    None
b - Lehudib's Crystal Sp  Conj/Erth      ########..   1%          8    ####...
c - Lee's Rapid Deconstr  Erth           ########..   0%          5    None
e - Shatter               Erth           ########..   1%          9    ######.
f - Borgnjor's Vile Clut  Necr/Erth      ########..   1%          5    None
n - Blink                 Tloc           N/A          1%          2    None
p - Passwall              Tmut/Erth      ########     0%          2    None
z - Deflect Missiles      Chrm/Air       ######....   19%         6    None

Your spell library contained the following spells:

 Spells                   Type           Power        Failure   Level  Hunger
 Ignition                 Fire           ####......   100%        8    ####...
 Tornado                  Air            #####.....   100%        9    ######.
 Magic Dart               Conj           ####         0%          1    None
 Sandblast                Erth           ######       0%          1    None
 Stone Arrow              Conj/Erth      ######       0%          3    None
 Apportation              Tloc           ####..       1%          1    None
 Beastly Appendage        Tmut           #####.       1%          1    None
 Flame Tongue             Conj/Fire      #####        1%          1    None
 Summon Small Mammal      Summ           ####         1%          1    None
 Call Imp                 Summ           ####....     1%          2    None
 Corpse Rot               Necr           N/A          1%          2    None
 Ensorcelled Hibernation  Hex/Ice        ####..       1%          2    None
 Poisonous Vapours        Pois/Air       #####.       1%          2    None
 Slow                     Hex            ####....     1%          2    None
 Sticks to Snakes         Tmut           #####...     1%          2    None
 Throw Flame              Conj/Fire      ######       1%          2    None
 Conjure Flame            Conj/Fire      ######..     1%          3    None
 Inner Flame              Hex/Fire       ####....     1%          3    None
 Mephitic Cloud           Conj/Pois/Air  ######..     1%          3    None
 Leda's Liquefaction      Hex/Erth       ########..   1%          4    None
 Petrify                  Tmut/Erth      ########     1%          4    None
 Sticky Flame             Conj/Fire      ######..     1%          4    None
 Bolt of Magma            Conj/Fire/Erth ########..   1%          5    None
 Fireball                 Conj/Fire      ######....   1%          5    None
 Conjure Ball Lightning   Conj/Air       #######...   1%          6    None
 Call Canine Familiar     Summ           ####....     2%          3    None
 Recall                   Summ/Tloc      N/A          2%          3    None
 Spider Form              Tmut/Pois      #####.....   2%          3    None
 Summon Guardian Golem    Hex/Summ       ####....     2%          3    None
 Bolt of Cold             Conj/Ice       ######....   2%          6    None
 Poison Arrow             Conj/Pois      ######....   2%          6    None
 Freezing Cloud           Conj/Ice/Air   ######....   4%          6    None
 Summon Lightning Spire   Summ/Air       #####...     6%          4    None
 Yara's Violent Unravell  Hex/Tmut       #####.....   7%          5    None
 Ice Form                 Ice/Tmut       #####...     9%          4    None
 Cause Fear               Hex            ####......   10%         4    None
 Summon Ice Beast         Ice/Summ       ####....     10%         4    None
 Silence                  Hex/Air        #####.....   17%         5    None
 Blade Hands              Tmut           #####.....   19%         5    None
 Aura of Abjuration       Summ           ####......   26%         5    None
 Metabolic Englaciation   Hex/Ice        ####......   26%         5    None
 Summon Demon             Summ           ####......   26%         5    None
 Summon Forest            Summ/Tloc      ####......   26%         5    None
 Summon Mana Viper        Hex/Summ       ####....     26%         5    None
 Ozocubu's Refrigeration  Ice            ####......   34%         6    None
 Chain Lightning          Conj/Air       #######...   45%         8    ####...
 Hydra Form               Tmut           #####.....   69%         6    None
 Darkness                 Hex            ####......   78%         6    None
 Shadow Creatures         Summ           N/A          78%         6    None
 Simulacrum               Ice/Necr       ####......   78%         6    None
 Ring of Flames           Chrm/Fire      ######....   80%         7    #......
 Summon Hydra             Summ           ####......   100%        7    #......
 Controlled Blink         Tloc           N/A          100%        8    ####...
 Discord                  Hex            ####......   100%        8    ####...
 Fire Storm               Conj/Fire      ######....   100%        9    ######.
 Glaciate                 Conj/Ice       ######....   100%        9    ######.
 Statue Form              Tmut/Erth      Unusable     N/A         6    N/A

Dungeon Overview and Level Annotations

Branches:
Dungeon (15/15)            Temple (1/1) D:5            Lair (6/6) D:8
  Swamp (4/4) Lair:4        Snake (4/4) Lair:2        Slime (0/5) Lair:5
    Orc (2/2) D:12            Elf (2/3) Orc:2        Vaults (5/5) D:14
  Crypt (0/3) Vaults:3     Depths (5/5) D:15            Zot (5/5) Depths:5
  IceCv (visited)         Gauntlet (visited)

Altars:
Ashenzari
Cheibriados
Dithmenos
Elyvilon
Fedhas
Gozag
Hepliaklqana
Kikubaaqudgha
Makhleb
Nemelex Xobeh
Okawaru
Qazlal
Ru
Sif Muna
Trog
Uskayaw
Vehumet
Wu Jian
Xom
Yredelemnul
Zin
The Shining One
Beogh
Lugonu

Shops:
D:9 ?   Orc:1 **%!(   Orc:2 %(%?   Elf:1 !   Elf:2 =}=   Snake:1 =!}}
Snake:2 **[   Vaults:1 [   Vaults:2 :   Depths:1 *   Depths:4 [

Portals:
Hell: Depths:1 Depths:2 Depths:3 Depths:4 Depths:5
Abyss: Depths:4
Pandemonium: Depths:1 Depths:3
Ziggurat: Depths:2
Trove: D:10 (give horn of Geryon)

Annotations:
Elf:2 5 runed translucent doors
Zot:5 exclusion: obsidian statue


Innate Abilities, Weirdness & Mutations

You are resistant to torment.
Your stone body is resilient. (AC +20)
You are immune to poison.
Your large and strong wings let you fly indefinitely.
You resist negative energy. (rN+)
You are resistant to electric shocks. (rElec)
You can survive without breathing.
You are immune to petrification.
You are immune to rotting.
You are partially covered in molten scales. (AC +2)
You tend to lose your temper in combat.
Scrolls take you much longer to read.
Your flesh is cold resistant. (rC+)
Armour fits poorly on your strangely shaped body.
Your body often deteriorates upon taking damage.
Your magical capacity is very low. (-20% MP)
You are occasionally teleported next to monsters.


Message History

(P) Snake Pit (M) Slime Pits (O) Orcish Mines (E) Elven Halls (V) Vaults (C) Crypt (U) Depths (H) Hell (Z) Zot
Where to? (Enter - D:1 @ (x,y), ? - help)
There is a stone staircase leading up here.
You climb upwards.
There is a stone staircase leading down here.
You open the door.
The troll shouts!
There is an open door here.
The troll shouts!
The kobold shouts!
The vine stalker shouts!
The kobold shouts!
The troll shouts!
The centaur shouts!
The formicid twitches its antennae in your direction.
There is a staircase leading out of the dungeon here.
Unknown command.
You have escaped!

#.# #.. #.# #..
#.# ##. ### ##
####### ####
#g#c#V#######n#^
########K#f#K####
##......#######...
#@..............##
##..........#####M
############M#9##
#i#a#T#^#V#####
################
#####..#.
#.##.###. #.##.#
#. #.##.###.


You could see a dwarf and a spriggan.

Vanquished Creatures
  9 orbs of fire (Zot:5)
  Mara (Snake:4)
  5 ancient liches (Zot:5)
  the Lernaean hydra (Swamp:4)
  Boris (Vaults:5)
  2 Killer Klowns
  Vashnia (Snake:3)
  Bai Suzhen (Depths:1)
  Saint Roka (Vaults:1)
  A caustic shrike (Depths:4)
  7 golden dragons
  Nikola (Swamp:2)
  A Brimstone Fiend (D:6)
  An electric golem (Zot:5)
  2 Ice Fiends (IceCv)
  Rupert (Lair:3)
  2 Hell Sentinels
  18 tentacled monstrosities
  4 liches
  Jorgrun (Orc:2)
  A deep elf blademaster (Depths:2)
  24 Orb Guardians (Zot:5)
  9 quicksilver dragons
  8 titans
  5 sphinxes
  8 death cobs
  15 shadow dragons
  Gastronok (Lair:3)
  A thorn hunter (Swamp:4)
  5 storm dragons
  11 nagarajas
  7 draconian monks
  7 fire giants
  The ghost of Jaoll the Warrior, an adept HuWr of Hepliaklqana (Swamp:1)
  3 frost giants
  An iron dragon (Vaults:5)
  12 tengu reavers
  14 vault wardens
  4 deep elf sorcerers
  Aizul (Snake:4)
  3 draconian scorchers
  The ghost of Mesuenwa the Eclecticist, an adept DEWz of Sif Muna (Snake:2)
  2 warmongers (Zot:3)
  2 ghost moths
  An orc warlord (Vaults:3)
  4 draconian knights
  A draconian shifter (Zot:3)
  The ghost of Bananafolds the Cleaver, a journeyman DrAE of Elyvilon (D:12)
  18 ironheart preservers
  4 war gargoyles
  2 draconian stormcallers
  12 very ugly things
  4 draconian annihilators
  4 deep elf elementalists
  2 spriggan defenders (Depths:5)
  An entropy weaver (Vaults:3)
  24 stone giants
  6 vampire knights
  Nessos (Lair:4)
  5 deep elf annihilators
  7 green draconians
  10 black draconians
  The ghost of Odimp the Protected, a journeyman KoWn of Wu Jian (Lair:4)
  A black sun (Zot:3)
  4 deep elf demonologists
  6 red draconians
  A minotaur (Gauntlet)
  10 purple draconians
  10 spark wasps
  6 yellow draconians
  9 white draconians
  18 ettins
  6 fire dragons
  6 jiangshi (Depths:4)
  A deep elf death mage (Vaults:5)
  2 crystal guardians (Depths:2)
  9 great orbs of eyes
  13 ice dragons
  25 yaktaur captains
  13 naga warriors
  Fannar (Lair:3)
  2 deep elf high priests
  32 vault guards
  The ghost of Ucloedd the Carver, a journeyman BaFi of Cheibriados (D:11)
  19 hydras
  6 rakshasas
  3 catoblepae (Depths:2)
  11 death knights
  10 spriggan air magi
  9 anacondas
  A monstrous demonspawn (Depths:3)
  12 alligators
  18 centaur warriors
  38 two-headed ogres
  11 dancing weapons
  8 death yaks
  10 ogre magi
  2 orc high priests (Vaults:3)
  5 shock serpents
  16 deep troll earth magi
  12 deep troll shamans
  2 hell knights
  2 vampire magi (Depths:4)
  17 naga sharpshooters
  Urug (D:11)
  Sonja (D:10)
  14 deep elf knights
  A salamander mystic (Snake:4)
  A fire crab (shapeshifter) (Vaults:4)
  A sixfirhy (Depths:2)
  4 iron trolls
  5 skeletal warriors
  A shadow wraith (Vaults:3)
  A spriggan druid (Swamp:2)
  32 deep trolls
  An unseen horror (shapeshifter) (Vaults:2)
  An infernal demonspawn (Depths:3)
  17 sea snakes
  An unseen horror (D:14)
  A shadow demon (Depths:3)
  7 flayed ghosts
  12 swamp dragons
  4 glowing orange brains
  9 naga ritualists
  14 deep elf archers
  2 lindwurms (Lair:6)
  An obsidian statue (Snake:2)
  4 phantasmal warriors
  2 necromancers
  33 deep elf magi
  8 ironbrand convokers
  13 wizards
  12 mana vipers
  4 harpies (Vaults:5)
  42 ugly things
  18 orc knights
  A glowing shapeshifter (Vaults:5)
  8 cyclopes
  5 oklob plants
  A manticore (D:13)
  2 orc sorcerers
  9 salamanders
  2 wolf spiders
  A manticore (shapeshifter) (Depths:4)
  A faun (shapeshifter) (Depths:2)
  A stone giant skeleton (Depths:1)
  9 elephants
  26 moths of wrath
  2 rust devils
  2 moths of wrath (shapeshifter)
  A guardian serpent (shapeshifter) (D:15)
  4 guardian serpents
  31 naga magi
  A black mamba (shapeshifter) (Depths:2)
  36 black mambas
  A gargoyle (D:14)
  17 vault sentinels
  5 ice statues
  5 spectral swamp worms (Depths:3)
  2 centaur skeletons
  16 spiny frogs
  5 torpor snails (Lair:6)
  A kobold demonologist (D:15)
  A yaktaur (shapeshifter) (Depths:1)
  A rime drake (Lair:6)
  79 yaktaurs
  4 freezing wraiths
  7 komodo dragons
  12 ice devils (IceCv)
  A tengu conjurer (Depths:5)
  2 efreet (Depths:2)
  3 meliai (Gauntlet)
  A wind drake (shapeshifter) (Vaults:5)
  4 trolls
  A jumping spider (Vaults:3)
  9 tyrant leeches
  2 polar bears
  A dream sheep (shapeshifter) (Depths:3)
  A spriggan zombie (Depths:1)
  16 hornets
  16 blink frogs
  A hornet (shapeshifter) (Vaults:5)
  Prince Ribbit (D:9)
  15 bog bodies
  A blink frog (shapeshifter) (Vaults:5)
  A stone giant simulacrum (Depths:1)
  37 slime creatures
  An ice dragon zombie (Depths:1)
  8 hippogriffs
  6 spriggans
  A redback (Vaults:3)
  2 air elementals
  A tarantella (Vaults:3)
  Sigmund (D:4)
  26 yaks
  8 wraiths
  A shadow (D:12)
  A vampire (D:11)
  2 water elementals (Elf:1)
  A fire elemental (Elf:2)
  A spriggan (shapeshifter) (Vaults:2)
  4 hogs (D:9)
  18 humans
  11 basilisks
  4 steam dragons
  2 wyverns
  20 vampire mosquitoes
  A yaktaur simulacrum (Vaults:3)
  2 hungry ghosts (D:12)
  A neqoxec (Depths:3)
  13 swamp worms
  42 nagas
  11 insubstantial wisps
  A hydra simulacrum (Depths:2)
  4 wargs
  A soldier ant (D:10)
  2 acid dragons (Lair:6)
  14 water moccasins
  53 orc warriors
  10 porcupines
  15 swamp drakes
  A black bear (Lair:1)
  An ice beast (D:8)
  6 sky beasts
  An eye of draining (shapeshifter) (Elf:1)
  A black bear (shapeshifter) (Depths:5)
  6 boggarts
  45 ogres
  24 wolves
  4 phantoms
  An eye of draining (D:13)
  2 necrophages
  41 centaurs
  4 big kobolds
  13 crocodiles
  A crocodile (shapeshifter) (Vaults:1)
  16 bullfrogs
  A gnoll sergeant (D:7)
  2 earth elementals
  A wyvern zombie (D:7)
  A wyvern skeleton (D:6)
  A hornet simulacrum (D:15)
  4 scorpions
  9 wights
  6 killer bees (D:11)
  2 electric eels
  10 howler monkeys
  13 crimson imps
  A bullfrog zombie (D:8)
  2 centaur zombies (D:11)
  4 bullfrog skeletons
  4 jellies
  19 orc priests
  8 hounds
  An iron imp (Depths:1)
  21 orc wizards
  Jessica (D:3)
  2 iguanas
  8 worker ants
  2 hell rats (Lair:3)
  2 hound zombies
  A hound skeleton (D:10)
  A worker ant zombie (D:8)
  Robin (D:4)
  15 gnolls
  A howler monkey skeleton (D:8)
  18 adders
  8 river rats (Lair:3)
  5 shadow imps
  10 white imps
  10 ufetubi (IceCv)
  2 oozes (D:3)
  3 adder zombies
  3 adder skeletons
  4 worms
  4 dart slugs
  10 leopard geckos
  115 orcs
  6 bats
  3 giant cockroaches
  11 goblins
  11 hobgoblins
  10 jackals
  2 quokkas
  5 ball pythons
  A ball python skeleton (D:4)
  2 frilled lizards
  26 kobolds
  8 rats
  10 crawling corpses (Vaults:5)
  2 plants
2272 creatures vanquished.

Vanquished Creatures (collateral kills)
  An elephant (Lair:4)
1 creature vanquished.

Vanquished Creatures (others)
  A deep troll earth mage (Depths:1)
  A spriggan (Swamp:2)
  A glowing orange brain (Depths:1)
  A deep elf archer (Elf:2)
  2 hornets (Swamp:2)
  2 white imps (IceCv)
  An ufetubus (IceCv)
  8 fungi
  25 plants
42 creatures vanquished.

Grand Total: 2315 creatures vanquished

Notes
Turn   | Place    | Note
-------+----------+-------------------------------------------
     0 | D:1      | Goreval the Gargoyle Earth Elementalist began the quest for
                  | the Orb.
     0 | D:1      | Reached XP level 1. HP: 10/10 MP: 3/3
     0 | D:1      | Noticed a dwarf
     0 | D:1      | Noticed a spriggan
     0 | D:1      | Noticed a formicid
     1 | D:1      | Noticed a centaur
     3 | D:1      | Noticed a vampire
     3 | D:1      | Noticed a troll
     7 | D:1      | Noticed a vampire
     8 | D:1      | Noticed a vine stalker
    12 | D:1      | Noticed a ghoul
    12 | D:1      | Noticed a gargoyle
    14 | D:1      | Noticed a ghoul
    16 | D:1      | Noticed a draconian
    16 | D:1      | Noticed a troll
    16 | D:1      | Noticed a dwarf
    18 | D:1      | Noticed a centaur
    18 | D:1      | Noticed a naga
    20 | D:1      | Noticed a troll
   139 | D:1      | Reached skill level 4 in Earth Magic
   139 | D:1      | Reached XP level 2. HP: 16/16 MP: 3/5
   914 | D:2      | Reached skill level 1 in Fighting
  1102 | D:2      | Reached XP level 3. HP: 20/20 MP: 1/6
  1185 | D:2      | Learned a level 3 spell: Stone Arrow
  1412 | D:2      | Found a faded altar of an unknown god.
  2312 | D:3      | Reached skill level 5 in Earth Magic
  2312 | D:3      | Reached XP level 4. HP: 9/26 MP: 0/7
  2774 | D:3      | Reached XP level 5. HP: 30/30 MP: 0/9
  2783 | D:2      | Learned a level 5 spell: Lee's Rapid Deconstruction
  3421 | D:3      | Reached skill level 6 in Earth Magic
  3716 | D:3      | Reached XP level 6. HP: 36/36 MP: 5/10
  4075 | D:3      | Reached skill level 1 in Conjurations
  4518 | D:3      | Noticed Jessica
  4687 | D:3      | Killed Jessica
  4879 | D:4      | Gained mutation: You are clumsy. (Dex -2) [potion of
                  | mutation]
  4879 | D:4      | Gained mutation: You passively map a small area around you.
                  | [potion of mutation]
  4880 | D:4      | Lost mutation: You are clumsy. (Dex -2) [potion of
                  | mutation]
  4880 | D:4      | Lost mutation: You passively map a small area around you.
                  | [potion of mutation]
  4880 | D:4      | Gained mutation: You are partially covered in molten
                  | scales. (AC +2) [potion of mutation]
  4880 | D:4      | Gained mutation: Your flesh is cold resistant. (rC+)
                  | [potion of mutation]
  4880 | D:4      | Gained mutation: You are agile. (Dex +2) [potion of
                  | mutation]
  4996 | D:4      | Reached XP level 7. HP: 41/41 MP: 4/12
  5182 | D:4      | Reached skill level 7 in Earth Magic
  5298 | D:4      | Found a blossoming altar of Fedhas.
  5298 | D:4      | Found a white marble altar of Elyvilon.
  5594 | D:4      | Noticed Robin
  5605 | D:4      | Killed Robin
  5896 | D:5      | Entered Level 5 of the Dungeon
  6036 | D:4      | Noticed Sigmund
  6327 | D:4      | Killed Sigmund
  6327 | D:4      | Reached skill level 8 in Earth Magic
  6442 | D:5      | Reached XP level 8. HP: 48/48 MP: 10/14
  6844 | D:5      | Found a staircase to the Ecumenical Temple.
  6854 | Temple   | Entered the Ecumenical Temple
  7104 | D:5      | Learned a level 2 spell: Passwall
  7243 | D:5      | Found a radiant altar of Vehumet.
  7247 | D:5      | Became a worshipper of Vehumet
  7253 | D:5      | Found a stormy altar of Qazlal.
  7256 | D:5      | Found an ornate altar of the Wu Jian Council.
  7259 | D:5      | Found a sparkling altar of Nemelex Xobeh.
  7410 | D:5      | Reached skill level 9 in Earth Magic
  7646 | D:6      | Reached skill level 5 in Fighting
  7755 | D:6      | Reached skill level 5 in Spellcasting
  8247 | D:6      | Reached skill level 10 in Earth Magic
  8247 | D:6      | Reached XP level 9. HP: 55/55 MP: 6/16
  8580 | D:6      | Found the ring of the Mage {Wiz MR++ Int+3}
  9359 | D:7      | Reached * piety under Vehumet
  9359 | D:7      | Offered knowledge of Shock by Vehumet.
 10004 | D:7      | Reached skill level 1 in Armour
 10125 | D:7      | Reached skill level 11 in Earth Magic
 10738 | D:8      | Found a burning altar of Makhleb.
 10800 | D:8      | Found a staircase to the Lair.
 10801 | D:8      | Noticed a komodo dragon
 11029 | D:8      | Reached ** piety under Vehumet
 11029 | D:8      | Offered knowledge of Flame Tongue by Vehumet.
 11032 | D:8      | Reached XP level 10. HP: 63/63 MP: 4/19
 11338 | D:8      | Reached skill level 12 in Earth Magic
 11938 | D:9      | Noticed a two-headed ogre
 11943 | D:9      | Killed a two-headed ogre
 12219 | D:9      | Noticed Prince Ribbit
 12226 | D:9      | Offered knowledge of Throw Flame by Vehumet.
 12305 | D:9      | Killed Prince Ribbit
 12327 | D:9      | Reached skill level 13 in Earth Magic
 12481 | D:9      | Found Pibusk's Magic Scroll Emporium.
 12487 | D:9      | Bought a scroll of blinking for 90 gold pieces
 12487 | D:9      | Bought a scroll of teleportation for 36 gold pieces
 12487 | D:9      | Bought a scroll of identify for 24 gold pieces
 12487 | D:9      | Bought a scroll of remove curse for 36 gold pieces
 12487 | D:9      | Bought a scroll of teleportation for 36 gold pieces
 12611 | D:9      | Reached *** piety under Vehumet
 12783 | D:9      | Noticed a two-headed ogre
 12788 | D:9      | Killed a two-headed ogre
 12788 | D:9      | Reached XP level 11. HP: 69/69 MP: 17/22
 13119 | D:10     | Entered Level 10 of the Dungeon
 13143 | D:10     | Noticed Sonja
 13679 | D:10     | Found a portal to a secret trove of treasure.
 13877 | D:10     | Killed Sonja
 13877 | D:10     | Reached skill level 14 in Earth Magic
 13976 | D:10     | Offered knowledge of Inner Flame by Vehumet.
 13995 | D:10     | Learned a level 2 spell: Blink
 14665 | D:11     | Noticed Urug
 15173 | D:11     | Reached skill level 1 in Evocations
 15199 | D:11     | Noticed Ucloedd's ghost (journeyman BaFi)
 15204 | D:11     | Noticed a death knight
 15208 | D:11     | Found a transporter.
 15213 | D:11     | Found a transporter.
 15345 | Lair:1   | Entered Level 1 of the Lair of Beasts
 15405 | Lair:1   | You fall into a shaft and drop 1 floor!
 15501 | Lair:1   | Noticed a six-headed hydra
 15508 | Lair:1   | Killed a six-headed hydra
 15508 | Lair:1   | Reached **** piety under Vehumet
 16316 | Lair:1   | Offered knowledge of Irradiate by Vehumet.
 16887 | Lair:2   | Reached XP level 12. HP: 77/77 MP: 19/24
 16996 | Lair:2   | Found a staircase to the Snake Pit.
 17196 | Lair:2   | Got a slimy great mace
 17354 | Lair:2   | Noticed a six-headed hydra
 17363 | Lair:2   | Killed a six-headed hydra
 17363 | Lair:2   | Reached skill level 15 in Earth Magic
 17716 | Lair:3   | Found a gate leading to a gauntlet.
 17716 | Lair:3   | Noticed Gastronok
 17716 | Lair:3   | Noticed a six-headed hydra
 17724 | Lair:3   | Killed a six-headed hydra
 17727 | Lair:3   | Noticed a seven-headed hydra
 17791 | Lair:2   | Killed a seven-headed hydra
 17791 | Lair:2   | Reached skill level 10 in Fighting
 18019 | Lair:3   | Killed Gastronok
 18041 | Lair:3   | Identified the +6 great mace of Forced Transition {crush,
                  | rN+ Str+4} (You found it on level 2 of the Lair of Beasts)
 18207 | Gauntlet | Entered a Gauntlet
 18207 | Gauntlet | Found a transporter.
 18212 | Gauntlet | Found a transporter.
 18214 | Gauntlet | Found a runed translucent gate.
 18214 | Gauntlet | Found a runed translucent gate.
 18214 | Gauntlet | Found a runed translucent gate.
 18214 | Gauntlet | Noticed a blizzard demon
 18215 | Gauntlet | Identified the ring of Otugigio {rElec rPois rF+ Int-5
                  | Dex+2}
 18234 | Gauntlet | Identified the ring of Taiviss {rF+ MP+9 Str+3}
 18234 | Gauntlet | Found a transporter.
 18245 | Gauntlet | Found a transporter.
 18369 | Gauntlet | Found a transporter.
 18372 | Gauntlet | Reached skill level 1 in Maces & Flails
 18428 | Gauntlet | Got a slimy helmet
 18453 | Gauntlet | Identified the +1 helmet of Moarij Tija {rElec} (You found
                  | it in a Gauntlet)
 18470 | Gauntlet | Identified the +3 morningstar "Qaineulash" {drain, +Rage
                  | rF+ Str+2 Int+3}
 18470 | Gauntlet | Noticed a minotaur
 18480 | Gauntlet | Killed a minotaur
 18579 | Gauntlet | Got a flickering copper ring
 18702 | Lair:3   | Reached ***** piety under Vehumet
 18723 | Lair:3   | Offered knowledge of Bolt of Magma by Vehumet.
 18756 | Lair:3   | Noticed Fannar
 18776 | Lair:3   | Killed Fannar
 18780 | Lair:3   | Reached skill level 16 in Earth Magic
 18785 | Lair:3   | Noticed Rupert
 18815 | Lair:3   | Killed Rupert
 18815 | Lair:3   | Reached XP level 13. HP: 50/84 MP: 7/26
 18963 | Lair:3   | Learned a level 8 spell: Lehudib's Crystal Spear
 19846 | Lair:4   | Noticed Odimp's ghost (journeyman KoWn)
 19856 | Lair:4   | Found a transporter.
 19904 | Lair:4   | Reached skill level 5 in Evocations
 20176 | Lair:4   | Noticed Nessos
 20348 | Lair:4   | Found a transporter.
 20366 | Lair:4   | You fall into a shaft and drop 2 floors!
 20366 | Lair:6   | Entered Level 6 of the Lair of Beasts
 20766 | Lair:5   | Reached skill level 5 in Conjurations
 20866 | Lair:5   | Got a twisted leather armour
 20928 | Lair:5   | Found a staircase to the Slime Pits.
 20957 | Lair:5   | Reached skill level 10 in Spellcasting
 20976 | Lair:5   | Reached skill level 17 in Earth Magic
 21198 | Lair:5   | Offered knowledge of Bolt of Fire by Vehumet.
 21396 | Lair:5   | Identified the cursed +1 leather armour of the Orcish Mines
                  | {rN+} (You found it on level 5 of the Lair of Beasts)
 21424 | Lair:5   | Identified the ring "Hudytay" {+Fly Str+4} (You found it in
                  | a Gauntlet)
 21441 | Lair:5   | Learned a level 6 spell: Deflect Missiles
 21492 | Lair:5   | Gained mutation: Armour fits poorly on your strangely
                  | shaped body. [mutagenic glow]
 22333 | Lair:4   | Gained mutation: Your large and strong wings let you fly
                  | indefinitely. [Gargoyle growth]
 22333 | Lair:4   | Reached XP level 14. HP: 61/90 MP: 4/28
 22350 | Lair:4   | Reached skill level 1 in Charms
 22660 | Lair:4   | Killed Nessos
 22830 | Lair:4   | Found a staircase to the Swamp.
 25130 | Lair:6   | Found a runed translucent door.
 25231 | Lair:6   | Reached skill level 18 in Earth Magic
 26221 | D:11     | Killed Urug
 26554 | D:12     | Noticed Bananafolds's ghost (journeyman DrAE)
 26655 | D:12     | Found a transporter.
 26765 | D:12     | You are sucked into a shaft and drop 3 floors!
 26765 | D:15     | Entered Level 15 of the Dungeon
 26772 | D:14     | Offered knowledge of Iron Shot by Vehumet.
 26785 | D:14     | Learned a level 6 spell: Iron Shot
 27126 | D:14     | Reached XP level 15. HP: 97/97 MP: 29/29
 27565 | D:13     | Reached skill level 10 in Conjurations
 28553 | D:12     | Offered knowledge of Orb of Destruction by Vehumet.
 28671 | D:12     | Found a staircase to the Orcish Mines.
 28673 | D:12     | Found a roughly hewn altar of Beogh.
 30136 | D:14     | Reached skill level 1 in Shields
 30448 | D:14     | Reached skill level 19 in Earth Magic
 30738 | D:14     | Found a gate to the Vaults.
 31659 | D:15     | Found a staircase to the Depths.
 31659 | D:15     | Noticed a fire giant
 31684 | D:15     | Killed a fire giant
 32415 | D:15     | Reached XP level 16. HP: 104/104 MP: 31/31
 32714 | D:12     | Found a transporter.
 32737 | D:12     | Killed Bananafolds's ghost
 32879 | D:11     | Killed Ucloedd's ghost
 33156 | Lair:4   | Killed Odimp's ghost
 33278 | Lair:4   | Got a shimmering tin ring
 33385 | Lair:5   | Identified the ring "Faffujaa" {+Blink +Fly} (You found it
                  | on level 4 of the Lair of Beasts)
 33423 | Lair:5   | Offered knowledge of Ozocubu's Refrigeration by Vehumet.
 33555 | Swamp:1  | Entered Level 1 of the Swamp
 33806 | Swamp:1  | Found a runed translucent door.
 33806 | Swamp:1  | Noticed Jaoll's ghost (adept HuWr)
 33809 | Swamp:1  | Found the +2 ratskin cloak {+Rats rPois rN+ Str-1 Int-1
                  | Dex+1}
 33901 | Swamp:1  | Reached ****** piety under Vehumet
 34324 | Swamp:1  | You are sucked into a shaft and drop 1 floor!
 34327 | Swamp:2  | Found a frozen archway.
 34435 | IceCv    | Entered an ice cave
 34879 | IceCv    | Reached skill level 20 in Earth Magic
 34902 | IceCv    | Noticed an Ice Fiend
 34912 | IceCv    | Killed an Ice Fiend
 35071 | IceCv    | Noticed an Ice Fiend
 35074 | IceCv    | Killed an Ice Fiend
 35845 | Swamp:2  | Noticed Nikola
 35857 | Swamp:2  | Killed Nikola
 36259 | Swamp:2  | Offered knowledge of Conjure Ball Lightning by Vehumet.
 36299 | Swamp:2  | Reached XP level 17. HP: 107/110 MP: 17/33
 37768 | Swamp:4  | Entered Level 4 of the Swamp
 38758 | Swamp:4  | Noticed the 27-headed Lernaean hydra
 38761 | Swamp:4  | Killed the 27-headed Lernaean hydra
 38769 | Swamp:4  | Got a decaying rune of Zot
 39449 | Swamp:1  | Killed Jaoll's ghost
 39463 | Swamp:1  | Got a faintly glowing dagger
 39465 | Swamp:1  | Identified the +2 dagger "Waj Teiroth" {venom, rElec rPois
                  | rF+} (You found it on level 1 of the Swamp)
 39628 | Snake:1  | Entered Level 1 of the Snake Pit
 39676 | Snake:1  | Offered knowledge of Spellforged Servitor by Vehumet.
 39676 | Snake:1  | Reached skill level 21 in Earth Magic
 39685 | Snake:1  | Learned a level 7 spell: Spellforged Servitor
 39788 | Snake:1  | Reached skill level 1 in Air Magic
 39808 | Snake:1  | Found Qujokif's Gadget Shoppe.
 39811 | Snake:1  | Found Neugino's Gadget Shoppe.
 39811 | Snake:1  | Found Quod's Distillery.
 39818 | Snake:1  | Found Ocexuts's Jewellery Emporium.
 39826 | Snake:1  | Bought an uncursed ring of wizardry for 420 gold pieces
 39829 | Snake:1  | Bought a potion of invisibility for 144 gold pieces
 39829 | Snake:1  | Bought a potion of resistance for 180 gold pieces
 41140 | Snake:2  | Reached XP level 18. HP: 114/117 MP: 2/34
 41997 | Snake:2  | Found a runed translucent gate.
 41998 | Snake:2  | Found a runed translucent gate.
 41998 | Snake:2  | Found a runed translucent gate.
 41999 | Snake:2  | Found an opulent altar of Gozag.
 42000 | Snake:2  | Found Kuavvyot's Assorted Antiques.
 42000 | Snake:2  | Noticed Mesuenwa's ghost (adept DEWz)
 42002 | Snake:2  | Found Ytodd's Assorted Antiques.
 42293 | Snake:2  | Found Ifuse's Antique Armour Shop.
 42344 | Snake:2  | Bought a distressingly furry scale mail for 360 gold pieces
 42344 | Snake:2  | Bought a pair of runed gloves for 300 gold pieces
 42361 | Snake:2  | Identified the +0 scale mail of Ineolebo {Int+8} (You
                  | bought it in a shop on level 2 of the Snake Pit)
 43070 | Snake:3  | Noticed Vashnia
 43096 | Snake:3  | Killed Vashnia
 43096 | Snake:3  | Reached skill level 15 in Fighting
 43104 | Snake:3  | Reached skill level 22 in Earth Magic
 43332 | Snake:4  | Entered Level 4 of the Snake Pit
 43442 | Snake:4  | Offered knowledge of Shatter by Vehumet.
 43442 | Snake:4  | Offered knowledge of Tornado by Vehumet.
 43442 | Snake:4  | Offered knowledge of Ignition by Vehumet.
 43519 | Snake:3  | Learned a level 9 spell: Shatter
 44233 | Snake:4  | Noticed Aizul
 44234 | Snake:4  | Killed Aizul
 44234 | Snake:4  | Reached skill level 5 in Shields
 44234 | Snake:4  | Reached XP level 19. HP: 124/124 MP: 36/36
 44237 | Snake:4  | Reached skill level 5 in Dodging
 44239 | Snake:4  | Noticed Mara
 44249 | Snake:4  | Noticed Goreval's illusion
 44249 | Snake:4  | Killed Mara
 44922 | Snake:4  | Got a serpentine rune of Zot
 45619 | Snake:2  | Reached skill level 23 in Earth Magic
 45623 | Snake:2  | Killed Mesuenwa's ghost
 45675 | Snake:2  | Bought a paperback book for 315 gold pieces
 46017 | Vaults:1 | Entered Level 1 of the Vaults
 46737 | Vaults:1 | Found Pusa's Antique Armour Shop.
 46748 | Vaults:1 | Bought a fabulously ornate robe for 176 gold pieces
 46748 | Vaults:1 | Bought a pair of slimy boots for 294 gold pieces
 46762 | Vaults:1 | Identified the +1 robe of Ashenzari's Vengeance {MR+
                  | Stlth+} (You bought it in a shop on level 1 of the Vaults)
 46799 | Vaults:1 | Identified the -5 pair of boots of Beyond {+Fly rC+++ Int-5
                  | Stlth+} (You bought it in a shop on level 1 of the Vaults)
 46931 | Vaults:1 | Reached XP level 20. HP: 131/131 MP: 18/38
 47011 | Vaults:1 | Noticed Saint Roka
 47015 | Vaults:1 | Killed Saint Roka
 47873 | Vaults:2 | Found Xoagae Giso's Book Shop.
 49497 | Vaults:3 | Reached skill level 24 in Earth Magic
 49543 | Vaults:3 | Found a staircase to the Crypt.
 50099 | Vaults:3 | Learned a level 5 spell: Borgnjor's Vile Clutch
 50250 | Vaults:3 | Reached XP level 21. HP: 134/137 MP: 39/39
 50500 | Orc:1    | Entered Level 1 of the Orcish Mines
 50500 | Orc:1    | Found Cail's Distillery.
 50500 | Orc:1    | Found Geor's Weapon Shoppe.
 50502 | Orc:1    | Bought 2 potions of heal wounds for 150 gold pieces
 50502 | Orc:1    | Bought a potion of heal wounds for 75 gold pieces
 50502 | Orc:1    | Bought a potion of haste for 150 gold pieces
 50552 | Orc:1    | Found Eziozok's Food Shoppe.
 50563 | Orc:1    | Found Ulanwaytu's General Store.
 50754 | Orc:1    | Found Nylu's Assorted Antiques.
 51094 | Orc:2    | Entered Level 2 of the Orcish Mines
 51097 | Orc:2    | Noticed Jorgrun
 51103 | Orc:2    | Killed Jorgrun
 51647 | Orc:2    | Found a staircase to the Elven Halls.
 51836 | Orc:2    | Found Qoriurer's Antique Weapon Boutique.
 51836 | Orc:2    | Found Vetelin's Food Emporium.
 51836 | Orc:2    | Found Lawyesi's Magic Scroll Shoppe.
 51839 | Orc:2    | Found Lish's Food Shop.
 51844 | Orc:2    | Bought a ration for 50 gold pieces
 51844 | Orc:2    | Bought a ration for 50 gold pieces
 51844 | Orc:2    | Bought a ration for 50 gold pieces
 51856 | Orc:2    | Bought 2 scrolls of blinking for 240 gold pieces
 52045 | Orc:2    | Found a roughly hewn altar of Beogh.
 52292 | Elf:1    | Entered Level 1 of the Elven Halls
 52817 | Elf:1    | Got a polished falchion
 53113 | Elf:1    | Found Kawof's Distillery.
 53445 | Elf:1    | Reached skill level 10 in Shields
 53565 | Elf:2    | Found a flickering gateway to a bazaar.
 53574 | Bazaar   | Entered a bazaar
 53580 | Bazaar   | Found Jusmeov's Gadget Boutique.
 53580 | Bazaar   | Found Nuunof's Armour Shop.
 53588 | Bazaar   | Bought a +1 pair of boots of running for 547 gold pieces
 53632 | Bazaar   | Found Saso's Weapon Shop.
 53647 | Bazaar   | Found Ampoptad's Magic Scroll Boutique.
 53653 | Bazaar   | Bought a scroll of enchant armour for 90 gold pieces
 54149 | Elf:2    | Found a huge runed translucent gate.
 54149 | Elf:2    | Found a huge runed translucent gate.
 54149 | Elf:2    | Found a huge runed translucent gate.
 54149 | Elf:2    | Found a huge runed translucent gate.
 54149 | Elf:2    | Found a huge runed translucent gate.
 54250 | Elf:2    | Found Rasimaerr's Jewellery Shop.
 54250 | Elf:2    | Found Nenuc's Gadget Shoppe.
 54251 | Elf:2    | Found Valeinegg's Jewellery Shop.
 54257 | Elf:2    | Bought the ring "Nyunt" {rElec Str+2 SInv} for 697 gold
                  | pieces
 54698 | Vaults:3 | Reached skill level 15 in Spellcasting
 55176 | Vaults:3 | Found a roughly hewn altar of Beogh.
 56160 | Vaults:4 | Reached skill level 25 in Earth Magic
 56486 | Vaults:4 | Reached XP level 22. HP: 130/145 MP: 41/41
 58136 | Depths:1 | Entered Level 1 of the Depths
 58376 | Depths:1 | Noticed Bai Suzhen
 58383 | Depths:1 | Killed Bai Suzhen
 59347 | Depths:1 | Found a one-way gate leading to the halls of Pandemonium.
 59348 | Depths:1 | Found a gateway to Hell.
 59499 | Depths:1 | Found Betsyrgh's General Store.
 60101 | Depths:2 | Reached XP level 23. HP: 152/152 MP: 42/42
 60115 | Depths:2 | Reached skill level 26 in Earth Magic
 60223 | Depths:2 | Got a smoking glaive
 60224 | Depths:2 | Identified the cursed +1 falchion "Urasif" {slice, rPois}
                  | (You found it on level 1 of the Elven Halls)
 60564 | Depths:2 | Found a gateway to a ziggurat.
 61698 | Depths:3 | Got a crude leather armour
 61711 | Depths:3 | Identified the +1 leather armour "Sutudgh" {-Tele rElec
                  | Str-3 Slay+4} (You found it on level 3 of the Depths)
 62656 | Depths:4 | Found Lanawk's Antique Armour Shop.
 62694 | Depths:4 | Bought a twisted scale mail for 324 gold pieces
 62705 | Depths:4 | Identified the +3 scale mail of the Untouchables {*Contam
                  | rPois rF+} (You bought it in a shop on level 4 of the
                  | Depths)
 62973 | Depths:4 | Noticed a caustic shrike
 62978 | Depths:4 | Killed a caustic shrike
 63266 | Depths:4 | Reached XP level 24. HP: 146/157 MP: 36/43
 63378 | Depths:4 | Reached skill level 27 in Earth Magic
 63480 | Depths:4 | Found a corrupted altar of Lugonu.
 63480 | Depths:4 | Found a one-way gate to the infinite horrors of the Abyss.
 63886 | Depths:4 | Reached skill level 15 in Shields
 64403 | Depths:5 | Entered Level 5 of the Depths
 64411 | Depths:5 | Reached skill level 10 in Dodging
 65339 | Depths:5 | Reached skill level 5 in Charms
 66292 | Depths:5 | Found a shimmering altar of Xom.
 66540 | Depths:5 | Found a gate to the Realm of Zot.
 67194 | Vaults:5 | Entered Level 5 of the Vaults
 67196 | Vaults:5 | Reached XP level 25. HP: 165/165 MP: 44/44
 68388 | Vaults:5 | Reached XP level 26. HP: 155/175 MP: 44/44
 68471 | Vaults:5 | Got a crude chain mail
 68472 | Vaults:5 | Identified the cursed +0 chain mail "Dupnut" {MP+9 Dex+6
                  | SInv} (You found it on level 5 of the Vaults)
 68562 | Vaults:5 | Got a silver rune of Zot
 68902 | Vaults:5 | Identified the Compendium of the Birds and Dislocation
 69063 | Vaults:5 | Noticed Boris
 69072 | Vaults:5 | Killed Boris
 69652 | Zot:1    | Entered Level 1 of the Realm of Zot
 71481 | Zot:2    | Reached skill level 10 in Evocations
 72031 | Zot:2    | Identified a scroll of acquirement
 72361 | Zot:3    | Reached XP level 27. HP: 184/184 MP: 45/45
 72519 | Zot:3    | Reached skill level 5 in Armour
 73591 | Zot:4    | Gained mutation: Scrolls take you a little longer to read.
                  | [mutagenic glow]
 73766 | Zot:4    | Got a sparkling lead ring
 73911 | Zot:5    | Entered Level 5 of the Realm of Zot
 74257 | Zot:5    | Noticed an orb of fire
 74262 | Zot:5    | Gained mutation: Your spells are a little easier to cast,
                  | but a little less powerful. [an orb of fire]
 74263 | Zot:5    | Killed an orb of fire
 74610 | Zot:5    | Noticed an ancient lich
 74614 | Zot:5    | Killed an ancient lich
 74617 | Zot:5    | Noticed an orb of fire
 74619 | Zot:5    | Noticed an orb of fire
 74622 | Zot:5    | Noticed an orb of fire
 74624 | Zot:5    | Killed an orb of fire
 74624 | Zot:5    | Noticed an orb of fire
 74626 | Zot:5    | Killed an orb of fire
 74626 | Zot:5    | Noticed an orb of fire
 74630 | Zot:5    | Noticed an orb of fire
 74633 | Zot:5    | Gained mutation: Your body sometimes deteriorates upon
                  | taking damage. [an orb of fire]
 74636 | Zot:5    | Noticed an orb of fire
 74636 | Zot:5    | Gained mutation: You are occasionally teleported next to
                  | monsters. [an orb of fire]
 74637 | Zot:5    | Noticed an orb of fire
 74639 | Zot:5    | Noticed an ancient lich
 74641 | Zot:5    | Gained mutation: Scrolls take you longer to read. [an orb
                  | of fire]
 74642 | Zot:5    | Noticed an orb of fire
 74642 | Zot:5    | Noticed an ancient lich
 74642 | Zot:5    | Lost mutation: You are agile. (Dex +2) [an orb of fire]
 74643 | Zot:5    | Gained mutation: Your body often deteriorates upon taking
                  | damage. [an orb of fire]
 74646 | Zot:5    | Killed an orb of fire
 74646 | Zot:5    | Reached skill level 10 in Armour
 74646 | Zot:5    | Killed an ancient lich
 74646 | Zot:5    | Killed an ancient lich
 74647 | Zot:5    | Gained mutation: Scrolls take you much longer to read. [an
                  | orb of fire]
 74648 | Zot:5    | Noticed an ancient lich
 74649 | Zot:5    | Gained mutation: You tend to lose your temper in combat.
                  | [an orb of fire]
 74651 | Zot:5    | Gained mutation: You are weak. (Str -2) [an orb of fire]
 74651 | Zot:5    | Lost mutation: Your spells are a little easier to cast, but
                  | a little less powerful. [an orb of fire]
 74652 | Zot:5    | Gained mutation: Your magical capacity is low. (-10% MP)
                  | [an orb of fire]
 74654 | Zot:5    | Killed an orb of fire
 74654 | Zot:5    | Killed an ancient lich
 74654 | Zot:5    | Noticed an orb of fire
 74655 | Zot:5    | Killed an orb of fire
 74655 | Zot:5    | Killed an orb of fire
 74657 | Zot:5    | Noticed an ancient lich
 74659 | Zot:5    | Noticed an ancient lich
 74670 | Zot:5    | Killed an ancient lich
 74683 | Zot:5    | Lost mutation: You are weak. (Str -2) [an orb of fire]
 74685 | Zot:5    | Killed an orb of fire
 74690 | Zot:5    | Killed an orb of fire
 74717 | Zot:5    | Got the Orb of Zot
 74729 | Zot:5    | Gained mutation: Your magical capacity is very low. (-20%
                  | MP) [an orb of fire]
 74870 | Zot:4    | Noticed Lewoaph the pandemonium lord
 75555 | D:$      | Escaped with the Orb!

Levels and vault maps discovered:
D:1:      shiori_arrival_whats_in_store_for_you, layout_loops_ring
D:2:      layout_basic, chequers_ecumenical_altar_island, patterned_corridor
D:3:      layout_basic, minmay_vboxes, uniq_jessica
D:4:      layout_basic, gammafunk_temple_overflow_elements, uniq_robin,
          uniq_sigmund
D:5:      minmay_chambers_of_fours, layout_cave_pools,
          grunt_temple_overflow_cloverleaf, temple_green, first_ration,
          serial_bayou_lagoon_a
D:6:      layout_loops_ring
D:7:      layout_loops_ring
D:8:      layout_loops_ring, david_lair_shrubbed, basic_altar
D:9:      layout_small_grid, serial_shops, shop_scrolls, grunt_livestock,
          uniq_prince_ribbit1
D:10:     layout_loops_ring, enter_trove_0, uniq_sonja
D:11:     layout_basic, gammafunk_ghost_mausoleum, uniq_urug
D:12:     layout_loops_ring, david_orc_5, gammafunk_ghost_smash,
          grunt_decor_resistance, mrwooster_statue_mirror
D:13:     layout_basic
D:14:     layout_grid_maze, grunt_vaults_entry_tiered, minmay_misc_feat_tiny,
          due_unseen_surprise
D:15:     grunt_enter_depths_giant_problem, layout_basic, minivault_16,
          dk_noncrumbling_4
Temple:   nicolae_temple_elliptical
Lair:1:   layout_cave_pods
Lair:2:   layout_gridlike, guppyfry_snake_entry_garden
Lair:3:   layout_roguey, gauntlet_entry_generic, kennysheep_rathole,
          serial_bayou_shore_b, infiniplex_staircase_pool_2, uniq_gastronok,
          uniq_rupert, uniq_fannar
Lair:4:   layout_regular_city, skrybe_swamp_entry_bodies,
          gammafunk_ghost_berserking_beasts, uniq_nessos
Lair:5:   layout_regular_city, slime_dummy, minmay_lair_oklob_chamber
Lair:6:   wormcave, layout_cave_shapes, guppyfry_lair_end_dragon, minivault_24
Swamp:1:  layout_basic_swamp, gammafunk_ghost_grave, evilmike_swamp_ruin_house_6
Swamp:2:  layout_basic_swamp, portal_ice_cave_entry_ice_statue_two,
          hangedman_swamp_pad, uniq_nikola
Swamp:3:  layout_basic_swamp, nicolae_swamp_dense_foliage
Swamp:4:  grunt_swamp_rune_castle, layout_basic_swamp, swamp_pool1,
          hangedman_swamp_blocks
Snake:1:  layout_layer_cave, minmay_shoptagon
Snake:2:  layout_cave_town, ebering_ghost_gozag, serial_shops, shop
Snake:3:  layout_concentric_octagons, uniq_vashnia
Snake:4:  snake_pit, layout_basic, st_stairs_4, nicolae_snake_springs,
          serial_bayou_shore_b, uniq_aizul, uniq_mara
Orc:1:    layout_diamond_mine, serial_shops, nicolae_shop_statue_plus,
          nicolae_shop_overgrown_old_shop, shop, shop, shop, mines3_lemuel
Orc:2:    st_orc_rangers, layout_caves, david_defended_altar_orc, uniq_jorgrun
Elf:1:    layout_loops_corners, serial_shops, nicolae_shop_waterfront,
          evilmike_minifort
Elf:2:    layout_geoelf_octagon, serial_shops, bzr_entry_lakeside,
          minmay_shop_grove, uniq_agnes
Vaults:1: nicolae_vaults_network_quincunx
          [nicolae_vaults_network_quincunx_subvault,
          nicolae_vaults_network_quincunx_subvault,
          nicolae_vaults_network_quincunx_subvault,
          nicolae_vaults_network_quincunx_subvault,
          nicolae_vaults_network_quincunx_subvault], ontoclasm_vaults_pinch,
          vaults_room_grunt_arrival_ludios, hangedman_vaults_snaps, v_rooms_5,
          hangedman_vaults_capsules, hangedman_vaults_impose,
          vaults_standard_mumra_x, vaults_room_hallway, layout_vaults_big_room,
          serial_shops, shop, uniq_saint_roka
Vaults:2: vaults_dpeg_ring, ontoclasm_vaults_fault,
          nicolae_vaults_ring_of_whatevers, vaults_room_pool,
          hangedman_vaults_locks, v_rooms_3, nicolae_vaults_circle_grid_b,
          ontoclasm_vaults_claustrophobia, vaults_room_door_ring, v_misc_13,
          v_alt_pattern_5, v_rooms_4, vaults_standard_mumra_lines, v_misc_27,
          layout_vaults_maze_bifur, serial_shops, shop_statue
Vaults:3: v_misc_31, v_misc_19, blue_anna_dwarven_crypt,
          nicolae_vaults_little_squares_1, nicolae_vaults_what_the_h,
          nicolae_vaults_little_squares_6, special_room_vaults
          [special_room_orc], v_misc_24, layout_vaults_quadrants
Vaults:4: hangedman_vaults_slither, vaults_room_semicircle,
          hangedman_vaults_trim, v_rooms_4, vaults_dpeg_diagonal, v_misc_1,
          ontoclasm_vaults_idyll, vaults_room_boxed, vaults_dpeg_hooks,
          hangedman_vaults_corner, v_misc_16, layout_vaults_omnicross
Vaults:5: uniq_boris
Depths:1: layout_cave_pools, rand_demon_pan_entry_5, serial_shops,
          nicolae_shop_waterfront, hell_entry, grunt_decor_clamped,
          hangedman_abyss_or_decor_passed, drop_trap,
          serial_sigils_hangedman_snap, lemuel_flamethrower_3, uniq_bai_suzhen
Depths:2: hangedman_crystal_crosses_colossus [crystal_crosses_arms_two,
          crystal_crosses_arms_two, crystal_crosses_arms_one,
          crystal_crosses_arms_one], hell_entry, serial_shops
Depths:3: wad_arrow_thing, layout_basic, minmay_holes, rand_demon_pan_entry_4,
          pf_hell_entry_tar_river
Depths:4: minmay_the_grid_4x2 [minmay_the_grid_small_cups,
          minmay_the_grid_odd_star, minmay_the_grid_slots,
          minmay_the_grid_eight, minmay_the_grid_minigrid_small,
          minmay_the_grid_armoury, minmay_the_grid_zigzag_pyramid,
          minmay_the_grid_prize_inner_circle], layout_basic,
          abyss_entry_flame_altar, hell_entry, minmay_misc_feat_columns,
          serial_shops, shop, infiniplex_staircase_spiral
Depths:5: evilmike_zot_entry_round, layout_basic, hell_entry, hex_tiny,
          minmay_misc_feat_iff, tgw_xom
Zot:1:    layout_misc_corridors, grunt_megastairs_1
Zot:2:    layout_concentric_octagons
Zot:3:    layout_basic, grunt_ministairs_11
Zot:4:    layout_basic
Zot:5:    layout_misc_corridors, drop_trap, hangedman_zot_decor_scrapings,
          grunt_ministairs_8

Skill      XL: |  1  2  3  4  5  6  7  8  9 10 11 12 13 14 15 16 17 18 19 20 21 22 23 24 25 26 27 |
---------------+----------------------------------------------------------------------------------+-----
Earth Magic    | 4 5 6 8 10 11 13 14 16 17 18 19 20 21 22 23 24 25 26 27 | 27.0
Fighting       | 1 2 3 4 5 7 8 9 10 11 12 13 14 15 16 17 18 19 20 21 23 | 23.8
Spellcasting   | 3 4 5 6 7 8 9 10 11 12 13 14 15 16 17 18 19 | 19.3
Conjurations   | 1 2 6 9 11 13 14 | 14.0
Armour         | 2 3 4 12 | 12.8
Dodging        | 3 4 6 7 9 10 11 12 13 | 13.9
Evocations     | 2 4 5 6 8 10 | 10.4
Maces & Flails | 2 3 4 |  4.0
Charms         | 2 3 4 6 8 |  8.0
Shields        | 4 5 7 9 10 11 14 15 | 15.0
Air Magic      | 2 |  2.0
Stealth        | |  2.1
Transmutations | |  0.7

Action                   |  1- 3 |  4- 6 |  7- 9 | 10-12 | 13-15 | 16-18 | 19-21 | 22-24 | 25-27 || total
-------------------------+-------+-------+-------+-------+-------+-------+-------+-------+-------++-------
Melee: Dagger            |    46 |    33 |       |       |       |       |       |       |       ||    79
       Unarmed           |     5 |       |       |       |       |       |       |       |       ||     5
       Rapier            |       |    22 |     9 |       |       |       |       |       |       ||    31
       Falchion          |       |       |    41 |    16 |       |       |       |       |       ||    57
       Staff             |       |       |       |     5 |     8 |    11 |       |     3 |     3 ||    30
       Morningstar       |       |       |       |    23 |   115 |    61 |    21 |    17 |    17 ||   254
       Great mace        |       |       |       |     8 |       |       |       |       |       ||     8
Throw: Stone             |       |       |     1 |     2 |       |       |       |       |       ||     3
 Cast: Sandblast         |    39 |    42 |    30 |    68 |    42 |    10 |    14 |       |       ||   245
       Stone Arrow       |    10 |    31 |   131 |   244 |   495 |   307 |    20 |       |       ||  1238
       Lee's Rapid Decon |       |       |     1 |    37 |    75 |    45 |    28 |    37 |    28 ||   251
       Blink             |       |       |       |     2 |       |     1 |     1 |       |       ||     4
       Lehudib's Crystal |       |       |       |       |    17 |     7 |     2 |    24 |   105 ||   155
       Iron Shot         |       |       |       |       |    69 |   296 |   516 |   503 |   329 ||  1713
       Deflect Missiles  |       |       |       |       |     3 |     2 |     6 |     7 |     2 ||    20
       Passwall          |       |       |       |       |     1 |       |       |     3 |     3 ||     7
       Shatter           |       |       |       |       |       |     2 |    25 |    13 |    33 ||    73
       Borgnjor's Vile C |       |       |       |       |       |       |     3 |     7 |       ||    10
 Abil: Fly               |       |       |       |       |     1 |     1 |       |       |       ||     2
       Stop Flying       |       |       |       |       |       |     1 |       |       |     1 ||     2
       Evoke Ratskin     |       |       |       |       |       |     1 |       |       |       ||     1
Evoke: Sack of spiders   |       |       |       |       |     1 |       |       |       |       ||     1
       Lightning rod     |       |       |       |       |       |       |       |     1 |       ||     1
       Staff of energy   |       |       |       |       |       |       |       |       |     7 ||     7
  Use: Scroll            |       |     5 |     8 |    12 |     5 |    10 |     8 |     3 |    14 ||    65
       Potion            |       |     2 |       |     2 |       |     1 |     2 |     3 |    33 ||    43
 Stab: Sleeping          |       |     1 |       |       |       |       |       |       |       ||     1
  Eat: Chunk             |     2 |    12 |    28 |    16 |    48 |    21 |    70 |    37 |    21 ||   255
       Ration            |     1 |       |     1 |     1 |     9 |    20 |     5 |     5 |     9 ||    51
Armor: Robe              |     3 |       |       |       |       |       |    36 |    60 |       ||    99
       Leather armour    |    14 |    46 |    23 |       |       |       |       |       |       ||    83
       Ring mail         |       |       |     9 |    10 |       |       |       |       |       ||    19
       Steam dragon scal |       |       |       |    52 |    18 |    29 |    35 |       |       ||   134
       Ice dragon scales |       |       |       |    44 |   190 |   137 |       |       |       ||   371
       Skin              |       |       |       |       |    61 |       |       |       |       ||    61
       Acid dragon scale |       |       |       |       |       |   144 |       |       |       ||   144
       Scale mail        |       |       |       |       |       |       |       |    45 |    91 ||   136
Dodge: Dodged            |    31 |    57 |    43 |   143 |   226 |   263 |   114 |   141 |   133 ||  1151
       Deflected         |       |       |       |       |    12 |    10 |    23 |    23 |    18 ||    86
Block: Buckler           |       |       |       |       |     9 |    83 |    56 |    57 |       ||   205
       Shield            |       |       |       |       |       |       |       |    33 |   112 ||   145
       Rpst.: Falchion   |       |       |    12 |     7 |       |       |       |       |       ||    19
